 Dungeon Crawl Stone Soup version 0.27.0-1-g7a089689b8 (webtiles) character file.

Game seed: 13561645432881254656

78 ZARRMARR the Digger (level 4, -3/33 HPs)
             Began as a Draconian Earth Elementalist on Aug 3, 2021.
             Killed from afar by Ijyb (6 damage)
             ... with a puff of flame
             ... on level 3 of the Dungeon.
             The game lasted 00:14:20 (2657 turns).

ZARRMARR the Digger (Draconian Earth Elementalist)  Turns: 2657, Time: 00:14:21

Health: -3/33      AC:  6    Str: 10    XL:     4   Next: 15%
Magic:  6/8        EV: 16    Int: 17    God:
Gold:   2          SH:  0    Dex: 11    Spells: 8/9 levels left

rFire    . . .     SeeInvis .   k - staff of conjuration
rCold    . . .     Faith    .   (no shield)
rNeg     + . .     Spirit   .   (armour unavailable)
rPois    .         Reflect  .   (helmet restricted)
rElec    .         Harm     .   (no cloak)
rCorr    .         Rampage  .   (no gloves)
Will     .....                  g - +0 pair of boots
Stlth    ++........             (no amulet)
HPRegen  0.11/turn              h - +4 ring of evasion
MPRegen  0.11/turn              i - ring of positive energy

@: mighty
A: AC +5, unfitting armour, cold-blooded
a: no special abilities


You were on level 3 of the Dungeon.
You visited 1 branch of the dungeon, and saw 3 of its levels.

You collected 62 gold pieces.
You spent 60 gold pieces at shops.

Inventory:

Missiles
 b - 55 stones
 n - a boomerang (quivered)
Armour
 g - a +0 pair of boots (worn)
Magical Staves
 k - a staff of conjuration (weapon)
Jewellery
 h - a +4 ring of evasion (left hand)
 i - a ring of positive energy (right hand)
Wands
 f - a wand of flame (22)
Scrolls
 a - a scroll of holy word
 c - a scroll of teleportation
 e - a scroll of noise
 l - a scroll of amnesia
 p - a scroll of fog {unknown}
Potions
 d - a potion of attraction
 j - a potion of might
 m - a potion of mutation {unknown}
 o - a potion of brilliance {unknown}


   Skills:
 + Level 0.1 Staves
 + Level 1.0 Throwing
 + Level 1.9 Dodging
 + Level 1.8 Stealth
 + Level 3.1 Spellcasting
 + Level 1.0 Transmutations
 * Level 3.8 Earth Magic


You had 8 spell levels left.
You knew the following spells:

 Your Spells              Type           Power      Damage    Failure   Level
a - Sandblast             Erth           30%        2d9       3%          1

Your spell library contained the following spells:

 Spells                   Type           Power      Damage    Failure   Level
 Passwall                 Tmut/Erth      8%         N/A       10%         2
 Magic Dart               Conj           12%        1d3       17%         1
 Stone Arrow              Conj/Erth      26%        3d8       24%         3
 Call Imp                 Summ           2%         N/A       26%         2
 Mephitic Cloud           Conj/Pois/Air  3%         N/A       45%         3
 Petrify                  Tmut/Erth      10%        N/A       54%         4


Dungeon Overview and Level Annotations

Branches:
Dungeon (3/15)

Altars:

Shops:
D:3 [(?

Annotations:
D:3 Ijyb, Sigmund


Innate Abilities, Weirdness & Mutations

Your plain brown scales are hard. (AC +5)
You cannot fit into any form of body armour.
You are cold-blooded and may be slowed by cold attacks.


Message History

Aim: Ijyb, wielding a +0 club, wearing a +0 leather armour and carrying a wand of flame (14) (74% to hit)
The blast of sand hits Ijyb but does no damage.
b - 56 stones Ijyb zaps a wand.
The puff of flame hits you!
Casting: Sandblast (safe; 3% risk of failure)
Confirm with . or Enter, or press ? or * to list all spells.
Aiming: Sandblast (safe; 3% risk of failure)
Press: ? - help, Shift-Dir - straight line, f/p - Ijyb
Aim: Ijyb, wielding a +0 club, wearing a +0 leather armour and carrying a wand of flame (13) (74% to hit)
You miscast Sandblast.
You are very lightly contaminated with residual magic.
Nothing appears to happen.
Ijyb grins evilly.
Ijyb barely misses you.
There is a stone staircase leading up here.
Casting: Sandblast (safe; 3% risk of failure)
Confirm with . or Enter, or press ? or * to list all spells.
Aiming: Sandblast (safe; 3% risk of failure)
Press: ? - help, Shift-Dir - straight line, f/p - Ijyb
Aim: Ijyb, wielding a +0 club, wearing a +0 leather armour and carrying a wand of flame (13) (74% to hit)
The blast of sand hits Ijyb but does no damage.
b - 55 stones Ijyb zaps a wand.
The puff of flame hits you.
Your magical contamination has completely faded away.
You feel very mighty all of a sudden. Ijyb hits you with a +0 club.
You hit Ijyb!
Ijyb is moderately wounded.
Ijyb hits you but does no damage.
You hit Ijyb!
Your tail-slap misses Ijyb.
Ijyb is severely wounded.
Ijyb misses you.
You miss Ijyb.
Ijyb is severely wounded.
Ijyb zaps a wand.
The puff of flame hits you!
* * * LOW HITPOINT WARNING * * *
You hit Ijyb.
Ijyb is almost dead.
Ijyb closely misses you.
Ijyb zaps a wand.
The puff of flame hits you.
You die...

.....:... ... #.### #.
........# #.# .# ##.# ##
#......# #.# .# #..#
#.....?# #.##.# #.##
#......###.##.# #.#
#.......##.##.## #.#
#..............####.#
#......^.#g##.....#.# #
#......#...@.#.##.#.#####
#
###.######.#.#.##.......#
# #> #.#.#<.##..###.... #
#<#.##..#.## ##
#.#.###.#.# #.#.# #...#
#.#.# ##..## ###. #.#..
#...####.... ##.
##.......#


You could see Ijyb.

Vanquished Creatures
  3 adders
  2 dart slugs
  3 orcs (D:3)
  An endoplasm (D:1)
  3 giant cockroaches
  4 goblins
  3 hobgoblins (D:1)
  6 ball pythons
  6 bats (D:1)
  4 frilled lizards
  3 kobolds
  9 rats
47 creatures vanquished.

Notes
Turn   | Place    | Note
-------+----------+-------------------------------------------
     0 | D:1      | ZARRMARR the Draconian Earth Elementalist began the quest
                  | for the Orb.
     0 | D:1      | Reached XP level 1. HP: 14/14 MP: 3/3
   470 | D:1      | Reached XP level 2. HP: 20/20 MP: 1/5
   842 | D:1      | Found a faded altar of an unknown god.
  1084 | D:1      | Reached XP level 3. HP: 26/26 MP: 4/6
  2154 | D:3      | Found Putoal's Weapon Shoppe.
  2276 | D:3      | Noticed Sigmund
  2428 | D:3      | Reached XP level 4. HP: 33/33 MP: 6/8
  2460 | D:3      | Found Iceis's Magic Scroll Shoppe.
  2464 | D:3      | Bought a scroll of identify for 20 gold pieces
  2464 | D:3      | Bought a scroll of identify for 20 gold pieces
  2464 | D:3      | Bought a scroll of identify for 20 gold pieces
  2534 | D:3      | Reached skill level 1 in Throwing
  2573 | D:3      | Found Beawk's Armour Emporium.
  2640 | D:3      | Noticed Ijyb
  2657 | D:3      | Killed from afar by Ijyb

Illustrated notes

Levels and vault maps discovered:
D:1:      lightli_arrival_quake, layout_loops_ring,
          shapermc_ecumenical_altar_venn, minmay_pentomino_w2
D:2:      layout_rooms, grunt_decor_one_mirror
D:3:      layout_rooms, nicolae_overflow_hidden_temple, serial_shops,
          nicolae_shop_statue_plus, shop_fountains, shop, uniq_sigmund,
          uniq_ijyb

Skill      XL: |  1  2  3  4 |
---------------+-------------+-----
Spellcasting   | 3 |  3.1
Throwing       | 1 |  1.0
Staves         | |  0.1
Dodging        | |  1.9
Stealth        | |  1.8
Transmutations | |  1.0
Earth Magic    | |  3.8

Action                   |  1- 3 |  4- 6 || total
-------------------------+-------+-------++-------
Melee: Short sword       |    37 |       ||    37
       Unarmed           |     9 |       ||     9
       Tailslap          |     7 |       ||     7
       Staff             |    15 |    10 ||    25
Throw: Stone             |    59 |     4 ||    63
       Boomerang         |       |     7 ||     7
 Cast: Sandblast         |    33 |     9 ||    42
  Use: Scroll            |     3 |     3 ||     6
       Potion            |       |     1 ||     1
 Stab: Sleeping          |     1 |       ||     1
Armor: Skin              |    22 |     3 ||    25
Dodge: Dodged            |    45 |    13 ||    58
